 Dungeon Crawl Stone Soup version 0.29-a0-577-gafbf2c5d25 (webtiles) character file.

Game seed: 11056682547908292365

0 DocClef the Sneak (level 1, -9/19 HPs)
             Began as a Draconian Delver on June 13, 2022.
             Mangled by an iguana (12 damage)
             ... on level 5 of the Dungeon.
             The game lasted 00:00:12 (38 turns).

DocClef the Sneak (Draconian Delver)                  Turns: 38, Time: 00:00:13

Health: -9/19      AC:  4    Str: 14    XL:     1   Next: 0%
Magic:  1/1        EV: 12    Int: 10    God:
Gold:   13         SH:  0    Dex: 12    Spells: 0/0 levels left

rFire   . . .      SeeInvis .   a - +0 short sword
rCold   . . .      Faith    .   (no shield)
rNeg    . . .      Spirit   .   (body armour unavailable)
rPois   .          Reflect  .   (helmet restricted)
rElec   .          Harm     .   (no cloak)
rCorr   .          Rampage  .   (no gloves)
Will    .....                   (no boots)
Stlth   +++.......              (no amulet)
HPRegen 0.06/turn               (no ring)
MPRegen 0.07/turn               (no ring)

@: no status effects
A: AC +4, unfitting armour, cold-blooded
a: no special abilities


You were on level 5 of the Dungeon.
You visited 1 branch of the dungeon, and saw 1 of its levels.

You collected 13 gold pieces.

Inventory:

Hand Weapons
 a - a +0 short sword (weapon)
Wands
 f - a wand of digging (3)
Scrolls
 b - a scroll of fog
 d - a scroll of fear
Potions
 e - a potion of haste
 g - a potion of mutation {unknown}


   Skills:
 + Level 3.2 Fighting
 + Level 2.0 Short Blades
 + Level 1.7 Dodging
 + Level 4.5 Stealth


You couldn't memorise any spells.
You didn't know any spells.
Your spell library was empty.

Dungeon Overview and Level Annotations

Branches:
Dungeon (5/15)
 Temple: D:4-7

Altars:


Innate Abilities, Weirdness & Mutations

Your plain brown scales are hard. (AC +4)
You cannot fit into any form of body armour.
You are cold-blooded and may be slowed by cold attacks.


Message History

You hear the sound of rushing water.
There is an entrance to a sewer on this level.
Hurry and find it before the portal rusts away!
Welcome, DocClef the Draconian Delver.
Will you prevail where others failed? Will you find the Orb of Zot?
Press ? for a list of commands and other information.
Found 13 gold pieces, a lumpy amethyst potion and a helmet.
Found an escape hatch in the floor.
Found a stone staircase leading down.
You now have 13 gold pieces.
g - a lumpy amethyst potion
As you read the scroll of magic mapping, it crumbles to dust.
You feel aware of your surroundings.
You sensed 1 altar, and 1 shop/portal.
An iguana comes into view.
The iguana hisses angrily.
The iguana bites you!
You completely miss the iguana. The iguana barely misses you.
You barely miss the iguana. The iguana misses you.
You hit the iguana but do no damage. The iguana bites you!
* * * LOW HITPOINT WARNING * * *
You hit the iguana but do no damage. The iguana barely misses you.
You hit the iguana but do no damage.
You tail-slap the iguana, but do no damage.
The iguana completely misses you.
You closely miss the iguana. The iguana bites you!
Ouch! That really hurt!
You die...

****,**,,,**,**,*,,**,*,*,**,*,,,
**,,,,+,,,,,,,.....**,,,*,,,,,,,,
**,*,**,,,**,##.#.#***,,,,**,*,,,
**,*,**,,,**,#....#***,,*,**,*,**
,,,,,,*,,,**,#....#,,,,,,,,,,,,,,
,,,,,,,,,,,,,#....#****,,,,,,,,**
,,,,,,,**#***#....# *,,,*,,*,**
,,,,,,,,,....#....### *,,,*,,,,,,
,,,,,,,****#...l@...# *,*,*,,*,**
,,,,,,,** #.#....#.#**,#....#.##
,*,,,,,,** *,#....#.#,,,.........
,,,,,,,,,* *,#....#.#**,*....#...
,*,,,*,*** *,####.#.# *,,,.......
,,,,,*,* *,* #.#.# ***.#......
,,,,,*,*****,* #.#.# ##.#.....#
,,,,,,,,,,,,,***###.####..#...>.#
,,,,,*,***,,,,,*≈#..........>...#


You could see an iguana.

Vanquished Creatures (others)
  4 plants (D:5)
4 creatures vanquished.

Notes
Turn   | Place    | Note
-------+----------+-------------------------------------------
     0 | D:5      | DocClef the Draconian Delver began the quest for the Orb.
     0 | D:5      | Reached XP level 1. HP: 19/19 MP: 1/1
    30 | D:5      | Noticed an iguana
    38 | D:5      | Mangled by an iguana

Illustrated notes

Levels and vault maps discovered:
D:5:      layout_basic, mainiacjoe_overflow_cross_hatched, portal_sewer_entry_d

Action                   || total
-------------------------++-------
Melee: Short sword       ||     6
       Tailslap          ||     1
  Use: Scroll            ||     1
Dodge: Dodged            ||     4

Table legend: (Time is in decaauts)
 A = Elapsed time spent in this place.
 B = Non-inter-level travel time spent in this place.
 C = Inter-level travel time spent in this place.
 D = Time resting spent in this place.
 E = Time spent auto-exploring this place.
 F = Levels seen in this place.
 G = Mean time per level.
                   A        B        C        D        E       F      G
               +--------+--------+--------+--------+--------+-----+--------+
         Total |     38 |     38 |      0 |      0 |      0 |   1 |   38.0 |
       Dungeon |     38 |     38 |      0 |      0 |      0 |   1 |   38.0 |
               +--------+--------+--------+--------+--------+-----+--------+

Top non-repeatable levels by time:
     D:5: 38 daAuts
